AoeStats
← Hoanga

Arabia

510871192Analyzed
1v1 RM · 18h ago on Oct 2, 2026· 49m 23s· 2 players
Game mode
Random Map
Map size
Tiny (2 player)
Population
200
Speed
Normal
Resources
Standard
Victory
Conquest
Starting age
Dark Age
Ending age
Imperial Age
RankedLock teamsTeams togetherTeam positionsShared explorationLock speedFull tech treeHidden civsTurbo modeCheats
Victory
Defeat
🇲🇽 Danes · Mexico
1366
+12
🇦🇷 Wu · Argentina
1275
-12
Hoanga
4:33 Loom
17:12 Feudal Age
22:33 Castle Age
21:23 Fletching
22:20 Padded Archer Armor
22:41 Double-Bit Axe
22:37 Horse Collar
25:40 Bow Saw
25:05 Pikeman
29:27 Squires
30:04 Leather Archer Armor
30:13 Bodkin Arrow
29:56 Elite Skirmisher
30:59 Heavy Plow
34:10 Bloodlines
34:00 Husbandry
34:28 Squires
34:36 Scale Barding Armor
34:43 Forging
35:37 Scale Mail Armor
39:28 Chain Mail Armor
41:31 Chain Barding Armor
41:46 Iron Casting
44:25 Light Cavalry
47:16 Iron Casting
Forajido
6:48 Loom
10:00 Feudal Age
10:08 Man-at-Arms
18:33 Fletching
19:33 Double-Bit Axe
23:49 Castle Age
23:16 Forging
23:14 Gold Mining
23:32 Horse Collar
24:22 Bloodlines
23:58 Crossbowman
42:31 Scale Barding Armor
43:02 Iron Casting
Connection lost

Rejoining the realm…

Still unreachable

The connection could not be restored.

Session expired

The server has moved on; the page needs a fresh start.